 Dungeon Crawl Stone Soup version 0.30.0-29-ga12c61a403 (webtiles) character file.

Game seed: 13136435704693736578

66 Peloso the Covered (level 3, -1/33 HPs)
             Began as a Minotaur Fighter on June 23, 2023.
             Killed from afar by Natasha (2 damage)
             ... with a puff of flame
             ... on level 2 of the Dungeon.
             The game lasted 00:03:07 (1088 turns).

Peloso the Covered (Minotaur Fighter)               Turns: 1088, Time: 00:03:08

Health: -1/33      AC:  9    Str: 20    XL:     3   Next: 96%
Magic:  2/2        EV:  9    Int:  5    God:
Gold:   43         SH:  4    Dex: 11    Spells: 2/2 levels left

rFire   . . .        a - +0 long sword
rCold   . . .        d - +0 buckler
rNeg    + . .        b - +0 scale mail
rPois   .            (helmet restricted)
rElec   .            (no cloak)
rCorr   +            (no gloves)
SInv    .            c - +1 pair of boots
Will    .....        (no amulet) Stlth
                     i - ring of positive energy
HPRegen 0.25/turn    j - ring of resist corrosion
MPRegen 0.08/turn

%: no passive effects
@: hasted and slowed
A: horns 2, retaliatory headbutt
a: no special abilities


You were on level 2 of the Dungeon.
You visited 1 branch of the dungeon, and saw 2 of its levels.

You collected 43 gold pieces.

Inventory:

Hand Weapons
 a - a +0 long sword (weapon)
Armour
 b - a +0 scale mail (worn)
 c - a +1 pair of boots (worn)
 d - a +0 buckler (worn)
Jewellery
 i - a ring of positive energy (left hand)
 j - a ring of resist corrosion (right hand)
Scrolls
 e - a scroll of immolation {unknown}
 h - a scroll of teleportation {unknown}
 l - a scroll of amnesia {unknown}
Potions
 f - a potion of might
 k - a potion of mutation


   Skills:
 + Level 4.1 Fighting
 + Level 3.3 Long Blades
 + Level 4.4 Armour
 + Level 0.4 Dodging
 + Level 4.1 Shields


You had 2 spell levels left.
You didn't know any spells.
Your spell library was empty.

Dungeon Overview and Level Annotations

Branches:
Dungeon (2/15)

Altars:

Annotations:
D:2 Natasha


Innate Abilities, Weirdness & Mutations

You have a pair of horns on your head.
You reflexively headbutt those who attack you in melee.


Message History

There is a stone staircase leading down here.
A rat is nearby!
Found a scroll labelled FEDIHY MEER.
The rat bites you but does no damage.
You hit the rat but do no damage. You headbutt the rat.
You kill the rat!
You see here a rat corpse.
l - a scroll labelled FEDIHY MEER Jessica the Apprentice Sorceress comes into view.
She is wielding a +0 club and wearing a +2 robe of the Archmagi.
Jessica shouts!
You hear an angry hiss.
Jessica is nearby!
Natasha, Servant of Life and Death comes into view.
She is carrying a wand of flame (6).
Natasha stares at you and mumbles some strange words.
The magic dart hits you.
Natasha stares at you and mumbles some strange words.
The magic dart hits you.
Natasha stares at you and mumbles some strange words.
The magic dart hits you but does no damage.
Natasha wildly gestures.
Natasha glows brightly for a moment.
Natasha zaps a wand.
The puff of flame hits you!
Natasha zaps a wand.
The puff of flame hits you. Jessica gestures at you while chanting.
Pain shoots through your body! Natasha casts a spell at you.
You feel yourself slow down.
Natasha zaps a wand.
The puff of flame hits you.
* * * LOW HITPOINT WARNING * * *
Natasha zaps a wand.
The puff of flame hits you.
* * * LOW HITPOINT WARNING * * *
Jessica closely misses you.
Unknown command.
It was a potion of haste.
You feel yourself speed up. Jessica hits you with a +0 club.
* * * LOW HITPOINT WARNING * * *
Unknown command.
You barely miss Jessica. You headbutt Jessica!
You kill Jessica!
Natasha zaps a wand.
The puff of flame hits you.
You die...

########## #........############
### ##### #........##.........#
..# #...# #...@)..........8....
#.# #...# #.........#..........
#.#####...###......h.............
#................................
.#....#...###.......†............
.#....#...###...(................
................>##..............
.###############.##........####..
.######### ...........## #.


You could see Natasha.

Vanquished Creatures
  Jessica (D:2)
  Natasha (D:2)
  An adder (D:2)
  2 dart slugs (D:1)
  7 ball pythons (D:1)
  2 endoplasms
  A giant cockroach (D:1)
  3 goblins (D:1)
  A hobgoblin (D:1)
  2 kobolds (D:1)
  A quokka (D:2)
  3 bats (D:1)
  A frilled lizard (D:1)
  2 rats
28 creatures vanquished.

Notes
Turn   | Place    | Note
-------+----------+-------------------------------------------
     0 | D:1      | Peloso the Minotaur Fighter began the quest for the Orb.
     0 | D:1      | Reached XP level 1. HP: 19/19 MP: 0/0
    91 | D:1      | Reached XP level 2. HP: 19/27 MP: 1/1
   785 | D:2      | Reached XP level 3. HP: 22/33 MP: 2/2
   910 | D:2      | Noticed Natasha
   918 | D:2      | Killed Natasha
  1065 | D:2      | Noticed Jessica
  1066 | D:2      | Noticed Natasha
  1087 | D:2      | HP: 1/33 [Jessica/+0 club (3)]
  1088 | D:2      | Killed Jessica
  1088 | D:2      | Killed from afar by Natasha

Illustrated notes

Levels and vault maps discovered:
D:1:      psy_arrival_whirlpool, layout_basic
D:2:      layout_basic, kennysheep_decorative_pillar, reono_crystal_passage,
          uniq_natasha, uniq_jessica

Skill      XL: |  1  2  3 |
---------------+----------+-----
Shields        | 4 |  4.1
Armour         | 4 |  4.4
Fighting       | 4 |  4.1
Long Blades    | 3 |  3.3
Dodging        | |  0.4

Action                     || total
---------------------------++-------
  Melee: Long sword        ||    71
         Headbutt          ||     8
    Use: Scroll            ||     3
         Potion            ||     2
 Armour: Scale mail        ||    37
  Dodge: Dodged            ||    30
  Block: Buckler           ||    16
